 Dungeon Crawl Stone Soup version 0.29-a0-649-g45c230d69a (webtiles) character file.

Game seed: 9006962332756103270

17851 Conn the Thaumaturge (level 12, -4/69 HPs)
             Began as an Octopode Fire Elementalist on June 21, 2022.
             Was a Priest of Sif Muna.
             Slain by a shock serpent (shapeshifter) (11 damage)
             ... on level 12 of the Dungeon.
             The game lasted 01:17:29 (15909 turns).

Conn the Thaumaturge (Octopode Fire Elementalist)  Turns: 15909, Time: 01:17:30

Health: -4/69      AC:  2    Str:  6 (8)  XL:     12   Next: 52%
Magic:  21/28      EV: 13    Int: 20 (21) God:    Sif Muna [***...]
Gold:   635        SH: 12    Dex:  8 (9)  Spells: 9/35 levels left

rFire   . . .      SeeInvis +   N - +9 spear of Huabrocs {chaos, Fly rCorr Dex-4}
rCold   . . .      Faith    .   m - +2 buckler
rNeg    . . .      Spirit   .   F - +1 hat {Will+}
rPois   .          Reflect  +   C - amulet of reflection
rElec   .          Harm     .   x - ring of flight
rCorr   +          Rampage  .   B - ring of see invisible
Will    +....                   (no ring)
Stlth   ++++......              (no ring)
HPRegen 0.21/turn               (no ring)
MPRegen 0.21/turn               (no ring)
                                (no ring)
                                (no ring)

@: flying
A: almost no armour, amphibious, 8 rings, camouflage 1, gelatinous body 1,
(nimble swimmer 1), tentacles, see invisible, wild magic 1
a: Renounce Religion, Channel Magic, Forget Spell


You were on level 12 of the Dungeon.
You worshipped Sif Muna.
Sif Muna was most pleased with you.
You visited 2 branches of the dungeon, and saw 13 of its levels.
You also visited: Ossuary.

You collected 713 gold pieces.
You spent 78 gold pieces at shops.

Inventory:

Hand Weapons
 b - a +1 vampiric short sword
 l - a +0 dagger
 I - a +1 vorpal shortbow
 M - a +1 dagger of protection
 N - the +9 spear of Huabrocs (weapon) {chaos, Fly rCorr Dex-4}
   (You found it on level 10 of the Dungeon)

   Each time it hits an enemy it has a different, random effect.
   Dex:       It affects your dexterity (-4).
   Fly:       It grants you flight.
   rCorr:     It protects you from acid and corrosion.
 Q - the +7 dagger of Experimentation {vorpal, MP-9 Int+4 SInv}
   (You found it on level 11 of the Dungeon)

   It inflicts extra damage upon your enemies.
   Int:       It affects your intelligence (+4).
   MP:        It affects your magic capacity (-9).
   SInv:      It lets you see invisible.
Missiles
 z - a throwing net
 P - a curare-tipped dart
Armour
 m - a +2 buckler (worn)
 F - a +1 hat of willpower (worn)
Jewellery
 x - a ring of flight (left tentacle)
 B - a ring of see invisible (right tentacle)
 C - an amulet of reflection (around mantle)
 J - an amulet of faith
Wands
 a - a wand of light (6)
 y - a wand of polymorph (7)
 D - a wand of digging (3)
 E - a wand of mindburst (10)
 G - a wand of charming (3)
 R - a wand of iceblast (5)
Scrolls
 d - 5 scrolls of identify {unknown}
 f - a scroll of magic mapping
 j - 4 scrolls of teleportation
 k - 2 scrolls of torment {unknown}
 r - 3 scrolls of fear {unknown}
 s - a scroll of blinking {unknown}
 u - 5 scrolls of immolation
 v - 2 scrolls of enchant armour {unknown}
 A - a scroll of enchant weapon {unknown}
 H - a scroll of amnesia {unknown}
 L - a scroll of fog {unknown}
 O - a scroll of brand weapon {unknown}
Potions
 c - 2 potions of haste
 e - a potion of attraction {unknown}
 h - a potion of resistance
 i - a potion of heal wounds
 o - 3 potions of lignification
 p - a potion of cancellation
 q - 9 potions of curing
 t - a potion of might
 S - a potion of flight
 T - a potion of invisibility {unknown}
Miscellaneous
 K - a box of beasts


   Skills:
 + Level 1.5 Fighting
 + Level 2.6 Short Blades
 + Level 4.0 Dodging
 + Level 5.8 Stealth
 * Level 6.4 Shields
 * Level 12.0 Spellcasting
 * Level 8.5 Conjurations
 + Level 1.8 Hexes
 + Level 0.5 Summonings
 + Level 0.2 Translocations
 + Level 10.0 Fire Magic
 + Level 1.3 Invocations
 + Level 0.4 Evocations


You had 9 spell levels left.
You knew the following spells:

 Your Spells              Type           Power      Damage    Failure   Level
a - Foxfire               Conj/Fire      100%       2x1d9     1%          1
b - Conjure Flame         Conj/Fire      59%        6-21      1%          3
c - Inner Flame           Hex/Fire       46%        N/A       3%          3
d - Flame Wave            Conj/Fire      59%        2d11      3%          4
e - Scorch                Fire           100%       2d10      1%          2
f - Stone Arrow           Conj/Erth      74%        3d11      6%          3
g - Iskenderun's Mystic   Conj/Tloc      38%        2d9       17%         4
h - Summon Guardian Gole  Hex/Summ       21%        N/A       19%         3
i - Call Canine Familiar  Summ           18%        N/A       24%         3

Your spell library contained the following spells:

 Spells                   Type           Power      Damage    Failure   Level
 Magic Dart               Conj           100%       1d8       1%          1
 Searing Ray              Conj           100%       2d8       1%          2
 Summon Small Mammal      Summ           72%        N/A       10%         1
 Beastly Appendage        Tmut           30%        N/A       11%         1
 Sandblast                Erth           30%        2d9       11%         1
 Ensorcelled Hibernation  Hex/Ice        40%        N/A       12%         2
 Fulminant Prism          Conj/Hex       21%        3d13      13%         4
 Confusing Touch          Hex            25%        N/A       14%         3
 Passwall                 Tmut/Erth      12%        N/A       16%         2
 Wereblood                Tmut           15%        N/A       16%         2
 Spider Form              Tmut/Pois      15%        N/A       30%         3
 Anguish                  Hex/Necr       10%        N/A       52%         4
 Yara's Violent Unravell  Hex/Tmut       10%        3d6       86%         5
 Alistair's Intoxication  Tmut/Pois      10%        N/A       93%         5
 Borgnjor's Vile Clutch   Necr/Erth      7%         N/A       93%         5
 Lee's Rapid Deconstruct  Erth           7%         3d8*      93%         5
 Eringya's Noxious Bog    Tmut/Pois      7%         N/A       100%        6
 Enfeeble                 Hex            12%        N/A       100%        7


Dungeon Overview and Level Annotations

Branches:
Dungeon (12/15)            Temple (1/1) D:6            Lair (0/6) D:9
    Orc (0/2) D:11        Ossuary (visited)

Altars:
Ashenzari
Dithmenos
Elyvilon
Fedhas
Gozag
Hepliaklqana
Kikubaaqudgha
Makhleb
Nemelex Xobeh
Okawaru
Qazlal
Ru
Sif Muna
Trog
Uskayaw
Vehumet
Xom
Yredelemnul
Zin
The Shining One
Beogh

Shops:
D:4 ::!==

Annotations:
D:2 Terence


Innate Abilities, Weirdness & Mutations

You cannot wear most types of armour.
You are amphibious.
You can wear up to eight rings at the same time.
Your skin changes colour to match your surroundings (Stealth+).
Your rubbery body absorbs attacks. (AC +1, EV +1)
((You are camouflaged when in or above water. (Stealth+)))
You have tentacles for arms and can constrict up to eight enemies at once.
You have supernaturally acute eyesight. (SInv)
Your spells are a little harder to cast, but a little more powerful.


Message History

Your Spellcasting skill increases to level 12!
e - a bubbling amethyst potion You see here a +0 shortbow.
Things that are here:
a +0 shortbow; a centaur corpse A shock serpent comes into view.
Casting: Scorch (safe; 1% risk of failure)
Confirm with . or Enter, or press ? or * to list all spells.
A guardian golem appears, shielding your allies.
The shock serpent hisses angrily.
Casting: Summon Guardian Golem (dangerous; 19% risk of failure)
Confirm with . or Enter, or press ? or * to list all spells.
You can't see any susceptible monsters within range! (Use Z to cast anyway.)
Casting: Summon Guardian Golem (dangerous; 19% risk of failure)
Confirm with . or Enter, or press ? or * to list all spells.
Aiming: Inner Flame (dangerous; 3% risk of failure)
Press: ? - help, Dir - move target, f - shock serpent
Aim: a shock serpent (ally target, chance to affect: 82%)
The shock serpent is filled with an inner flame.
The shock serpent shoots out a bolt of lightning at you!
The bolt of electricity hits your guardian golem!
Your guardian golem resists.
The bolt of electricity hits you!! x2
* * * LOW HITPOINT WARNING * * *
Okay, then.
Casting: Inner Flame (dangerous; 3% risk of failure)
Confirm with . or Enter, or press ? or * to list all spells.
Flames lash the shock serpent.
Flame seeps out of the shock serpent.
The shock serpent is lightly wounded.
The shock serpent's fire resistance burns away.
The shock serpent's electric aura discharges, shocking you!
* * * LOW HITPOINT WARNING * * *
The shock serpent is engulfed in blazing flames.
Flame seeps out of the shock serpent.
The air sparks with electricity, shocking you!
* * * LOW HITPOINT WARNING * * *
You feel much better. The shock serpent bites you!
* * * LOW HITPOINT WARNING * * *
The shock serpent shocks you!
You die...

..........##
..........##
..........#.
##........... .
##............
..#...○.........
......9............
......S#.#..........
.......@###.........
........# #.....#.#
........###......#
.###...#.##.....#
....###..##)....## #
....#.#..##.)....#.#
...##
##.............. ..#
##.
####..)..).......
....###..
##.#..#............


You could see a shock serpent (inner flame, combustible) and a friendly guardian
golem (summoned).

Vanquished Creatures
  Gastronok (D:8)
  A hydra (D:9)
  Erica (D:8)
  A two-headed ogre (D:11)
  3 skeletal warriors
  A deep elf pyromancer (D:12)
  An ugly thing (D:7)
  An elephant (D:9)
  Maggie (D:7)
  A troll (D:10)
  3 hornets
  2 polar bears (D:8)
  2 wraiths
  2 shadows (D:11)
  Sigmund (D:4)
  17 yaks
  An unseen horror simulacrum (D:8)
  A wyvern (D:7)
  A basilisk (D:9)
  A steam dragon (D:7)
  Menkaure (D:4)
  4 vampire mosquitoes (D:10)
  Duvessa (D:7)
  3 orc warriors
  A black bear (D:9)
  3 ice beasts
  4 ogres
  11 centaurs
  A wolf (D:8)
  4 kobold brigands
  A phantom (D:6)
  A necrophage (D:7)
  3 bullfrogs
  A gnoll sergeant (D:10)
  2 scorpions
  Dowan (D:7)
  A hornet simulacrum (D:8)
  6 killer bees (D:8)
  3 howler monkeys
  An electric eel (D:8)
  A hound (D:6)
  4 orc priests
  5 gnoll shamans
  3 jellies
  19 orc wizards
  Natasha (thrice) (D:2)
  A centaur simulacrum (D:8)
  A mummy (Ossuary)
  A killer bee simulacrum (D:8)
  28 gnolls
  5 adders
  2 shadow imps (D:6)
  7 white imps
  2 ufetubi (D:8)
  A worm (D:5)
  3 dart slugs
  55 orcs
  4 spectral bats (Ossuary)
  6 bats
  4 endoplasms
  3 giant cockroaches
  12 gnoll zombies (Ossuary)
  12 goblins
  7 hobgoblins
  2 jackals (D:1)
  10 kobolds
  4 quokkas
  3 ball pythons
  2 bat simulacra (Ossuary)
  3 frilled lizards
  6 goblin simulacra (Ossuary)
  6 goblin zombies (Ossuary)
  3 hobgoblin zombies (Ossuary)
  4 kobold simulacra (Ossuary)
  6 kobold zombies (Ossuary)
  3 orc zombies (Ossuary)
  8 rats
  6 rat simulacra (Ossuary)
  A rat zombie (D:3)
  A spectral goblin (Ossuary)
  5 spectral kobolds (Ossuary)
358 creatures vanquished.

Vanquished Creatures (others)
  2 skeletal warriors (D:11)
  4 yaks (D:10)
  2 black bears (D:6)
  An ogre (D:11)
  A kobold brigand (D:10)
  A bullfrog (D:6)
  1050 foxfires
  5 fungi (D:11)
  6 plants (D:11)
1072 creatures vanquished.

Grand Total: 1430 creatures vanquished

Notes
Turn   | Place    | Note
-------+----------+-------------------------------------------
     0 | D:1      | Conn the Octopode Fire Elementalist began the quest for the
                  | Orb.
     0 | D:1      | Reached XP level 1. HP: 11/11 MP: 3/3
   202 | D:1      | Reached XP level 2. HP: 17/17 MP: 1/5
   345 | D:1      | Found a faded altar of an unknown god.
   452 | D:1      | Reached XP level 3. HP: 21/21 MP: 1/6
   774 | D:2      | Noticed Terence
   936 | D:2      | Noticed Natasha
   943 | D:2      | Killed Natasha
   944 | D:2      | Reached XP level 4. HP: 27/27 MP: 2/7
  1390 | D:2      | Noticed Natasha
  1398 | D:2      | Killed Natasha
  1411 | D:2      | Noticed Natasha
  1419 | D:2      | Killed Natasha
  1420 | D:2      | Reached skill level 1 in Short Blades
  1420 | D:2      | Reached XP level 5. HP: 12/31 MP: 0/8
  1602 | D:1      | Learned a level 2 spell: Scorch
  1606 | D:1      | Learned a level 3 spell: Conjure Flame
  1610 | D:1      | Learned a level 3 spell: Inner Flame
  2332 | D:3      | Found a burning altar of Makhleb.
  2504 | D:3      | Found an ancient bone altar of Kikubaaqudgha.
  2822 | D:4      | Found Matasarigg's Distillery.
  2832 | D:4      | Bought 2 potions of lignification for 78 gold pieces
  2855 | D:4      | Found Ducod's Jewellery Boutique.
  2859 | D:4      | Noticed Sigmund
  2867 | D:4      | Killed Sigmund
  2868 | D:4      | Reached skill level 3 in Spellcasting
  2868 | D:4      | Reached XP level 6. HP: 37/37 MP: 2/10
  2960 | D:4      | Found a white marble altar of Elyvilon.
  2972 | D:4      | Found a glowing silver altar of Zin.
  2978 | D:4      | Found Koluinul's Book Emporium.
  2995 | D:4      | Found Esaalal's Book Emporium.
  3017 | D:4      | Found a radiant altar of Vehumet.
  3062 | D:4      | Found a sand-covered staircase.
  3067 | Ossuary  | Entered an ossuary
  4091 | D:4      | Noticed Menkaure
  4104 | D:4      | Killed Menkaure
  4105 | D:4      | Reached skill level 1 in Fighting
  4105 | D:4      | Reached XP level 7. HP: 25/43 MP: 0/12
  4121 | D:4      | Found Keeklir's Jewellery Boutique.
  4351 | D:4      | Found a stormy altar of Qazlal.
  4448 | D:4      | Found a sparkling altar of Nemelex Xobeh.
  4574 | D:5      | Entered Level 5 of the Dungeon
  4591 | D:4      | Learned a level 4 spell: Flame Wave
  4713 | D:5      | Reached skill level 5 in Fire Magic
  4875 | D:5      | Reached skill level 5 in Stealth
  5307 | D:5      | Found a runed translucent door.
  5626 | D:5      | Reached skill level 4 in Spellcasting
  5697 | D:5      | Reached skill level 1 in Shields
  5829 | D:5      | Reached XP level 8. HP: 47/48 MP: 10/14
  6226 | D:6      | Found a shimmering altar of Xom.
  6232 | D:6      | Reached skill level 5 in Spellcasting
  6575 | D:6      | Found a staircase to the Ecumenical Temple.
  6584 | Temple   | Entered the Ecumenical Temple
  6595 | Temple   | Became a worshipper of Sif Muna the Loreminder
  6852 | D:7      | Noticed a wyvern
  6856 | D:7      | Killed a wyvern
  6857 | D:7      | Reached skill level 6 in Spellcasting
  6857 | D:7      | Reached XP level 9. HP: 53/53 MP: 12/18
  6929 | D:7      | Reached skill level 5 in Conjurations
  7270 | D:7      | Learned a level 3 spell: Stone Arrow
  7275 | D:7      | Learned a level 4 spell: Iskenderun's Mystic Blast
  7468 | D:7      | Noticed a cyan ugly thing
  7557 | D:7      | Noticed Maggie
  7560 | D:7      | Noticed Dowan
  7566 | D:7      | Noticed Duvessa
  7568 | D:7      | Killed Dowan
  7572 | D:7      | Killed Duvessa
  7576 | D:7      | Killed Maggie
  7577 | D:7      | Reached skill level 7 in Spellcasting
  8170 | D:8      | Noticed Gastronok
  8375 | D:7      | Killed a cyan ugly thing
  8376 | D:7      | Reached XP level 10. HP: 17/59 MP: 9/21
  8634 | D:8      | Reached skill level 8 in Spellcasting
  8699 | D:8      | Reached * piety under Sif Muna
  9269 | D:8      | Killed Gastronok
  9270 | D:8      | Reached skill level 1 in Hexes
  9446 | D:8      | Reached skill level 9 in Spellcasting
  9725 | D:8      | Noticed Erica
  9740 | D:8      | Killed Erica
  9748 | D:8      | Reached XP level 11. HP: 25/63 MP: 8/24
 10069 | D:8      | Learned a level 3 spell: Summon Guardian Golem
 10085 | D:8      | Reached skill level 5 in Shields
 10892 | D:9      | Found a staircase to the Lair.
 10902 | D:9      | Noticed a six-headed hydra
 11062 | D:9      | Killed a six-headed hydra
 11463 | D:9      | Reached ** piety under Sif Muna
 11466 | D:9      | Reached skill level 10 in Spellcasting
 11796 | D:10     | Entered Level 10 of the Dungeon
 12017 | D:10     | HP: 3/63 [yak (9)]
 12019 | D:10     | Reached skill level 1 in Invocations
 13046 | D:10     | Identified the +9 spear of Huabrocs {chaos, Fly rCorr
                  | Dex-4}
 13486 | D:11     | Reached *** piety under Sif Muna
 13666 | D:11     | Reached skill level 11 in Spellcasting
 13916 | D:11     | Identified the +7 dagger of Experimentation {vorpal, MP-9
                  | Int+4 SInv}
 13992 | D:11     | Noticed a two-headed ogre
 14010 | D:11     | Killed a two-headed ogre
 14011 | D:11     | Reached XP level 12. HP: 69/69 MP: 18/27
 14540 | D:11     | Found a staircase to the Orcish Mines.
 14662 | D:11     | Learned a level 3 spell: Call Canine Familiar
 15522 | D:12     | Gained mutation: Your spells are a little harder to cast,
                  | but a little more powerful. [potion of mutation]
 15522 | D:12     | Gained mutation: You have supernaturally acute eyesight.
                  | (SInv) [potion of mutation]
 15552 | D:12     | Reached skill level 10 in Fire Magic
 15838 | D:12     | Reached skill level 12 in Spellcasting
 15903 | D:12     | Noticed a shock serpent
 15908 | D:12     | HP: 3/69 [something (shapeshifter)/electric aura (10)]
 15909 | D:12     | Slain by a shock serpent (shapeshifter)

Illustrated notes

Levels and vault maps discovered:
D:1:      dpeg_arrival_rhombus, layout_basic,
          hellmonk_ecumenical_altar_heavens_door
D:2:      layout_basic, hangedman_feature_mirror, uniq_natasha, uniq_terence
D:3:      layout_loops_ring, lemuel_zombie_altar_kikubaaqudgha,
          nicolae_overflow_crystal_walls, grunt_ministairs_1,
          minmay_misc_feat_hallway, minmay_crystal_water, nrook_campfire
D:4:      layout_cave_pools, pf_just_have_faith,
          mainiacjoe_overflow_large_starburst, nemelex_diamond_rough_becter,
          mainiacjoe_overflow_boulevard, enter_ossuary_2, serial_shops,
          nicolae_stop_n_shop_1, nicolae_shop_crystal, shop_fountains, shop,
          shop_fountains, uniq_sigmund, uniq_menkaure
D:5:      layout_basic, dk_noncrumbling_3, lightli_church_of_beogh
D:6:      layout_rooms, xom_confusion_cloud, temple_hall
D:7:      layout_cave_pods, lightli_corner_chamber, uniq_maggie, uniq_duvessa
D:8:      layout_gridville, serial_ice, serial_ice_n, serial_ice_f,
          serial_ice_h, serial_ice_k, serial_ice_d, serial_ice_e, serial_ice_b,
          minivault_26, kennysheep_generic_room_13, uniq_gastronok, uniq_erica
D:9:      layout_stronghold, david_lair_generic
D:10:     layout_grid_maze, enter_bailey_2
D:11:     kennysheep_seaside_town, layout_loops_ring, orc_0_dummy
D:12:     layout_big_octagon, uniq_sonja
Temple:   eino_temple_lava

Skill      XL: |  1  2  3  4  5  6  7  8  9 10 11 12 |
---------------+-------------------------------------+-----
Stealth        | 3 4 5 |  5.8
Fire Magic     | 4 5 6 8 9 10 | 10.0
Short Blades   | 1 2 |  2.6
Spellcasting   | 3 4 6 7 9 11 12 | 12.0
Conjurations   | 2 3 4 6 7 8 |  8.5
Fighting       | 1 |  1.5
Shields        | 1 2 3 4 6 |  6.4
Dodging        | 3 4 |  4.0
Hexes          | 1 |  1.8
Invocations    | 1 |  1.3
Summonings     | |  0.5
Translocations | |  0.2
Evocations     | |  0.4

Action                   |  1- 3 |  4- 6 |  7- 9 | 10-12 || total
-------------------------+-------+-------+-------+-------++-------
Melee: Unarmed           |    11 |       |       |       ||    11
       Constrict         |     6 |    19 |     9 |     3 ||    37
       Tentacles         |     4 |    17 |     8 |     5 ||    34
       Dagger            |       |     7 |       |       ||     7
       Short sword       |       |    59 |    41 |    21 ||   121
       Punch             |       |       |     1 |       ||     1
       Spear             |       |       |       |    20 ||    20
 Cast: Foxfire           |    50 |   150 |   142 |   242 ||   584
       Scorch            |       |     3 |    39 |   107 ||   149
       Conjure Flame     |       |     1 |     2 |     5 ||     8
       Inner Flame       |       |     1 |     2 |    29 ||    32
       Flame Wave        |       |       |     6 |    13 ||    19
       Stone Arrow       |       |       |       |     1 ||     1
       Summon Guardian G |       |       |       |    10 ||    10
       Iskenderun's Myst |       |       |       |    13 ||    13
Invok: Channel Magic     |       |       |       |     4 ||     4
Evoke: Wand              |       |       |     2 |     2 ||     4
  Use: Potion            |       |     4 |     8 |    15 ||    27
       Scroll            |       |     3 |     2 |     1 ||     6
 Stab: Sleeping          |       |    16 |     3 |     4 ||    23
Armor: Skin              |     4 |     3 |    43 |    20 ||    70
Dodge: Dodged            |     9 |    45 |    40 |    47 ||   141
Block: Buckler           |       |    19 |    29 |    73 ||   121
       Reflection        |       |       |       |    12 ||    12

Table legend: (Time is in decaauts)
 A = Elapsed time spent in this place.
 B = Non-inter-level travel time spent in this place.
 C = Inter-level travel time spent in this place.
 D = Time resting spent in this place.
 E = Time spent auto-exploring this place.
 F = Levels seen in this place.
 G = Mean time per level.
                   A        B        C        D        E       F      G
               +--------+--------+--------+--------+--------+-----+--------+
         Total |  16007 |  15781 |    226 |    804 |  11361 |  14 | 1143.4 |
       Dungeon |  14977 |  14751 |    226 |    763 |  10666 |  12 | 1248.1 |
        Temple |     22 |     22 |      0 |      0 |      0 |   1 |   22.0 |
       Ossuary |   1008 |   1008 |      0 |     41 |    695 |   1 | 1008.0 |
               +--------+--------+--------+--------+--------+-----+--------+

Top non-repeatable levels by time:
     D:7: 2118 daAuts
    D:11: 1918 daAuts
    D:10: 1495 daAuts
     D:9: 1494 daAuts
     D:5: 1468 daAuts
     D:8: 1418 daAuts
     D:3: 1175 daAuts
     D:1: 1058 daAuts
 Ossuary: 1008 daAuts
     D:4: 878 daAuts
    D:12: 692 daAuts
     D:6: 660 daAuts
     D:2: 598 daAuts
  Temple: 22 daAuts
